 Dungeon Crawl Stone Soup version 0.27-a0-955-gb57c80000f (console) character file.

Game seed: 474337320919713976

116 Morrissey the Conjurer (level 5, 0/28 HPs)
             Began as a Gargoyle Fire Elementalist on Apr 12, 2021.
             Killed from afar by an orc wizard (9 damage)
             ... with a puff of flame
             ... on level 4 of the Dungeon.
             The game lasted 00:04:46 (4494 turns).

Morrissey the Conjurer (Gargoyle Fire Elementalist) Turns: 4494, Time: 00:04:47

Health: 0/28       AC:  7    Str: 11    XL:     5   Next: 1%
Magic:  0/8        EV: 11    Int: 17    God:
Gold:   142        SH:  0    Dex: 10    Spells: 4/8 levels left

rFire    . . .     SeeInvis +   a - +0 mace
rCold    . . .     Faith    .   (no shield)
rNeg     + . .     Spirit   .   d - +0 robe
rPois    ∞         Reflect  .   (no helmet)
rElec    +         Harm     .   k - scarf {+Inv}
rCorr    .         Rampage  .   (no gloves)
Will     .....                  j - +0 pair of boots
Stlth    ++........             (no amulet)
HPRegen  0.09/turn              e - ring of see invisible
MPRegen  0.11/turn              (no ring)

@: no status effects
A: AC +4, negative energy resistance 1, electricity resistance, torment
resistance 1, unbreathing 1, petrification resistance
a: Evoke Invisibility


You were on level 4 of the Dungeon.
You visited 1 branch of the dungeon, and saw 4 of its levels.

You collected 142 gold pieces.

Inventory:

Hand Weapons
 a - a +0 mace (weapon)
Missiles
 i - 2 throwing nets
Armour
 d - a +0 robe (worn)
 j - a +0 pair of boots (worn)
 k - a scarf of invisibility (worn)
Jewellery
 e - a ring of see invisible (left hand)
Wands
 m - a wand of iceblast (11)
Scrolls
 b - 4 scrolls of teleportation {unknown}
 g - a scroll of enchant armour {unknown}
 l - a scroll of noise {unknown}
 n - a scroll of identify {unknown}
 o - a scroll of enchant weapon {unknown}
Potions
 c - a potion of degeneration {unknown}
 f - 3 potions of curing
 h - 2 potions of mutation {unknown}


   Skills:
 - Level 1.5 Dodging
 - Level 2.1 Stealth
 - Level 2.0 Spellcasting
 * Level 4.2 Conjurations
 + Level 3.9 Fire Magic


You had 4 spell levels left.
You knew the following spells:

 Your Spells              Type           Power      Damage    Failure   Level
a - Foxfire               Conj/Fire      60%        2x1d7     3%          1
b - Conjure Flame         Conj/Fire      15%        6-21      11%         3

Your spell library contained the following spells:

 Spells                   Type           Power      Damage    Failure   Level
 Inner Flame              Hex/Fire       8%         N/A       26%         3
 Sticky Flame             Conj/Fire      15%        2d4       34%         4
 Fireball                 Conj/Fire      7%         3d5       69%         5


Dungeon Overview and Level Annotations

Branches:
Dungeon (4/15)
 Temple: D:4-7

Altars:
Elyvilon
Gozag
Kikubaaqudgha
Qazlal
Ru
Trog
Xom
Yredelemnul


Innate Abilities, Weirdness & Mutations

Your stone body is resilient. (AC +4)
You are immune to poison.
You resist negative energy. (rN+)
You are resistant to electric shocks. (rElec)
You are resistant to unholy torment.
You can survive without breathing.
You are immune to petrification.


Message History

The orc wizard is severely wounded.
The orc wizard gestures at itself while chanting.
The orc wizard flickers and vanishes for a moment.
You hit the orc wizard.
The orc wizard is almost dead.
The orc wizard casts a spell at you.
You are confused.
You're too confused to move!
The orc wizard barely misses you.
You closely miss the goblin.
The orc wizard hits you but does no damage.
The goblin barely misses you. The orc wizard casts a spell at you.
The magic dart hits you!
* * * LOW HITPOINT WARNING * * *
You're too confused to move!
The goblin misses you.
The orc wizard gestures at you while chanting.
The magic dart hits you!
* * * LOW HITPOINT WARNING * * *
The goblin hits you but does no damage.
It was a potion of curing.
You feel better.
The orc wizard hits you with a +0 dagger.
* * * LOW HITPOINT WARNING * * *
The goblin hits you but does no damage.
Casting: Foxfire (safe; 3% risk of failure)
Confirm with . or Enter, or press ? or * to list all spells.
Okay, then.
Casting: Foxfire (safe; 3% risk of failure)
Confirm with . or Enter, or press ? or * to list all spells.
You conjure some foxfire!
* * * LOW MAGIC WARNING * * *
The orc wizard hits you with a +0 dagger.
* * * LOW HITPOINT WARNING * * *
The goblin hits you with a +0 dagger.
* * * LOW HITPOINT WARNING * * *
Your foxfire dissipates!
The foxfire hits the orc wizard but does no damage.
The orc wizard is almost dead.
The orc wizard casts a spell at you. The puff of flame hits you!
You die...

##.................#.
#.##................
##
#....†.......##.##..≈.
.....†.......##.....≈.
..................≈.≈.
.............##....≈≈.
..............#.....≈.
....................≈.
............@.........
...........#§.g..))...
..........##..o...)...
..........##...##!....
.#....!..##..... ...[
##......###..#.. ...
....... ..##..# ..
..## .## .# . .. ##


You could see an orc wizard (invisible) and a goblin.

Vanquished Creatures
  2 adders (D:2)
  2 worms
  2 dart slugs (D:2)
  13 orcs
  6 endoplasms
  2 giant cockroaches
  7 hobgoblins
  5 jackals
  5 quokkas
  2 ball pythons
  6 bats
  2 frilled lizards
  4 goblins
  4 kobolds
  7 rats
69 creatures vanquished.

Vanquished Creatures (others)
  A wizard (D:3)
  167 foxfires
168 creatures vanquished.

Grand Total: 237 creatures vanquished

Notes
Turn   | Place    | Note
-------+----------+-------------------------------------------
     0 | D:1      | Morrissey the Gargoyle Fire Elementalist began the quest
                  | for the Orb.
     0 | D:1      | Reached XP level 1. HP: 10/10 MP: 3/3
    11 | D:1      | Found a faded altar of an unknown god.
   523 | D:1      | Reached XP level 2. HP: 15/15 MP: 5/5
   637 | D:1      | Reached skill level 2 in Conjurations
  1465 | D:1      | Reached XP level 3. HP: 19/19 MP: 6/6
  1674 | D:2      | Reached skill level 3 in Conjurations
  2424 | D:2      | Reached XP level 4. HP: 24/24 MP: 3/7
  2464 | D:2      | Learned a level 3 spell: Conjure Flame
  2736 | D:2      | Found a white marble altar of Elyvilon.
  3087 | D:3      | Found an opulent altar of Gozag.
  3111 | D:3      | Found a basalt altar of Yredelemnul.
  3249 | D:3      | Found a bloodstained altar of Trog.
  3252 | D:3      | Noticed a wizard
  3258 | D:3      | Killed a wizard
  3765 | D:3      | Reached skill level 4 in Conjurations
  3767 | D:3      | Found an ancient bone altar of Kikubaaqudgha.
  3768 | D:3      | Found a stormy altar of Qazlal.
  3914 | D:3      | Found a shimmering altar of Xom.
  3914 | D:3      | Found a sacrificial altar of Ru.
  4482 | D:4      | Reached XP level 5. HP: 19/28 MP: 0/8
  4494 | D:4      | Killed from afar by an orc wizard

Illustrated notes

Levels and vault maps discovered:
D:1:      lightli_arrival_statue_moat, layout_loops_cross,
          ebering_ecumenical_altar_rust
D:2:      layout_loops_ring, basic_altar, minmay_heptomino_h4
D:3:      layout_basic, grunt_temple_overflow_open, trog_wizard,
          nicolae_overflow_quartered_altars, serial_corexii_hall,
          corexii_hall_statues_u, corexii_hall_statues_s,
          corexii_hall_statues_u, corexii_hall_statues_deadend,
          corexii_hall_statues_i, corexii_hall_statues_x
D:4:      layout_cave_pools, lemuel_doored_altar, serial_rivers,
          chequers_serial_rivers_micro_c, chequers_serial_rivers_micro_e,
          chequers_serial_rivers_micro_a, chequers_serial_rivers_micro_d,
          serial_park_tiny_pond, minmay_misc_feat_enclosed, uniq_edmund,
          uniq_eustachio

Skill      XL: |  1  2  3  4 |
---------------+-------------+-----
Conjurations   | 2 3 4 |  4.2
Dodging        | |  1.5
Stealth        | |  2.1
Spellcasting   | |  2.0
Fire Magic     | |  3.9

Action                   |  1- 3 |  4- 6 || total
-------------------------+-------+-------++-------
Melee: Unarmed           |    13 |       ||    13
       Mace              |    39 |    46 ||    85
 Cast: Foxfire           |    49 |    59 ||   108
  Use: Potion            |       |     1 ||     1
 Stab: Sleeping          |     5 |     1 ||     6
Armor: Robe              |    29 |    27 ||    56
Dodge: Dodged            |    54 |    40 ||    94

Table legend: (Time is in decaauts)
 A = Elapsed time spent in this place.
 B = Non-inter-level travel time spent in this place.
 C = Inter-level travel time spent in this place.
 D = Time resting spent in this place.
 E = Time spent auto-exploring this place.
 F = Levels seen in this place.
 G = Mean time per level.
                   A        B        C        D        E       F      G
               +--------+--------+--------+--------+--------+-----+--------+
         Total |   4526 |   4440 |     86 |   1471 |   2387 |   4 | 1131.5 |
       Dungeon |   4526 |   4440 |     86 |   1471 |   2387 |   4 | 1131.5 |
               +--------+--------+--------+--------+--------+-----+--------+

Top non-repeatable levels by time:
     D:1: 1568 daAuts
     D:3: 1469 daAuts
     D:2: 1327 daAuts
     D:4: 161 daAuts
